 Seeded DCSS version 0.30-a0-1163-gf69bf04e7a (webtiles) character file.

Game seed: 3425090202442293766 (custom seed)

35717 Ihaveafatcat the Executioner (level 13, -11/93 (116) HPs)
             Began as a Hill Orc Fighter on Apr 27, 2023.
             Was an Initiate of Gozag.
             Mangled by a manticore (16 damage)
             ... summoned by Kirke
             ... on level 12 of the Dungeon on Apr 29, 2023.
             The game lasted 01:03:55 (16330 turns).

Ihaveafatcat the Executioner (Hill Orc Fighter)    Turns: 16330, Time: 01:03:55

HP:   -11/93 (116)  AC:  0    Str: 28    XL:     13   Next: 85%
MP:   13/13         EV: 15    Int:  8    God:    Gozag
Gold: 561           SH:  5    Dex: 10    Spells: 12/12 levels left

rFire   x . .        h - melded +1 executioner's axe (freeze)
rCold   . . .        (shield currently unavailable)
rNeg    . . .        b - melded +3 plate armour {rC+}
rPois   +            a - melded +2 helmet {Int+3}
rElec   .            (cloak currently unavailable)
rCorr   .            s - melded +2 pair of gloves of the Crypt {+Inv rC- Str+3 Int+2}
SInv    .            q - melded +2 pair of boots
Will    .....        i - amulet "Zyasetai" {Reflect rPois rF- Str+4 SH+5}
Stlth   ++           H - melded +6 ring of strength
HPRegen 0.35/turn    A - melded ring "Gafeyb" {rElec rPois rN+ rCorr}
MPRegen 0.13/turn

%: reflection
@: mighty, pig-form, gold aura, slowed, heavily drained
A: fast, no casting, small
a: Renounce Religion, Potion Petition, Call Merchant, Bribe Branch


You were on level 12 of the Dungeon.
You worshipped Gozag.
Gozag was pleased with you.
You were a filthy swine.
You visited 2 branches of the dungeon, and saw 17 of its levels.
You also visited: Sewer.

You collected 3967 gold pieces.
You spent 2424 gold pieces at shops.
You paid 982 gold pieces to Gozag.

Inventory:

Hand Weapons
 f - a +5 broad axe of freezing
 h - a +1 executioner's axe of freezing (melded)
Missiles
 N - a throwing net (quivered)
Armour
 a - a +2 helmet of intelligence (melded)
 b - a +3 plate armour of cold resistance (melded)
 c - a +0 buckler
 q - a +2 pair of boots (melded)
 s - the +2 pair of gloves of the Crypt (melded) {+Inv rC- Str+3 Int+2}
   (You found it on level 12 of the Dungeon)

   Str:       It affects your strength (+3).
   Int:       It affects your intelligence (+2).
   rC:        It makes you vulnerable to cold.
   +Inv:      It lets you turn invisible.
 C - the +1 pair of gloves of Pessimism {Drain rElec rN+ Int+4}
   (You found it on level 4 of the Dungeon)

   Int:       It affects your intelligence (+4).
   rElec:     It insulates you from electricity.
   rN:        It protects you from negative energy.
   Drain:     It drains your maximum health when unequipped.
 U - a +2 pair of gloves
Jewellery
 e - a ring of see invisible
 i - the amulet "Zyasetai" (around neck) {Reflect rPois rF- Str+4 SH+5}
   (You acquired it on level 9 of the Dungeon)

   [amulet of reflection]

   It reflects blocked missile attacks.
   Str:       It affects your strength (+4).
   rF:        It makes you vulnerable to fire.
   rPois:     It protects you from poison.
   SH:        It affects your SH (+5).
 l - an amulet of guardian spirit
 A - the ring "Gafeyb" (melded) {rElec rPois rN+ rCorr}
   (You found it on level 4 of the Dungeon)

   [ring of poison resistance]

   rElec:     It insulates you from electricity.
   rPois:     It protects you from poison.
   rN:        It protects you from negative energy.
   rCorr:     It protects you from acid and corrosion.
 H - a +6 ring of strength (melded)
 K - a +6 ring of dexterity
 O - a +6 ring of strength
 S - a ring of poison resistance
 T - a ring of willpower
Wands
 y - a wand of iceblast (6)
 F - a wand of flame (7)
 I - a wand of charming (20)
 Q - a wand of mindburst (13)
Scrolls
 g - a scroll of noise
 j - 2 scrolls of fog
 o - 11 scrolls of teleportation
 p - 2 scrolls of immolation
 B - 4 scrolls of vulnerability
 E - 5 scrolls of amnesia
 J - 2 scrolls of magic mapping
 M - 5 scrolls of identify
 R - a scroll of torment
Potions
 d - 2 potions of might
 k - 2 potions of degeneration
 m - 5 potions of resistance
 n - 8 potions of flight
 r - 13 potions of curing
 t - 4 potions of brilliance
 u - 7 potions of mutation
 v - a potion of ambrosia
 w - 3 potions of attraction
 x - a potion of haste
 z - 4 potions of invisibility
 D - 3 potions of heal wounds
 G - 4 potions of lignification
 L - 3 potions of cancellation


   Skills:
 + Level 11.6 Fighting
 * Level 22.0 Axes
 + Level 10.9 Armour
 + Level 3.7 Dodging
 + Level 2.7 Stealth
 + Level 7.6 Shields
 + Level 0.4 Evocations


You had 12 spell levels left.
You didn't know any spells.
Your spell library contained the following spells:

 Spells                   Type           Power      Damage    Failure   Level
 Apportation              Tloc           0%         N/A       41%         1
 Blink                    Tloc           0%         N/A       54%         2
 Cigotuvi's Dreadful Rot  Necr/Pois/Air  0%         N/A       54%         2
 Ensorcelled Hibernation  Hex/Ice        0%         N/A       54%         2
 Passwall                 Tmut/Erth      0%         N/A       54%         2
 Sublimation of Blood     Necr           0%         N/A       54%         2
 Wereblood                Tmut           0%         N/A       54%         2
 Dazzling Flash           Conj/Hex       0%         N/A       78%         3
 Hailstorm                Conj/Ice       0%         3d3       78%         3
 Ignite Poison            Fire/Tmut/Pois 0%         N/A       78%         3
 Stone Arrow              Conj/Erth      0%         3d7       78%         3
 Swiftness                Air            0%         N/A       78%         3
 Animate Armour           Summ/Erth      0%         N/A       99%         4
 Ice Form                 Ice/Tmut       0%         N/A       99%         4
 Manifold Assault         Tloc           0%         N/A       99%         4
 Petrify                  Tmut/Erth      0%         N/A       99%         4
 Agony                    Necr           0%         N/A       100%        5
 Alistair's Intoxication  Tmut/Pois      0%         N/A       100%        5
 Freezing Cloud           Conj/Ice/Air   0%         6-21      100%        5
 Irradiate                Conj/Tmut      0%         3d11      100%        5
 Silence                  Hex/Air        0%         N/A       100%        5
 Storm Form               Tmut/Air       0%         N/A       100%        7
 Summon Hydra             Summ           0%         N/A       100%        7
 Lehudib's Crystal Spear  Conj/Erth      0%         10d2      100%        8
 Simulacrum               Ice/Necr       Unusable   N/A       N/A         6

Dungeon Overview and Level Annotations

Branches:
Dungeon (12/15)            Temple (0/1) D:5            Lair (5/5) D:10
 Shoals (0/4) Lair:3        Snake (0/4) Lair:3          Orc (0/2) D:10
  Sewer (visited)
  Slime: Lair:4-5

Altars:
Elyvilon
Gozag
Nemelex Xobeh
Okawaru
Qazlal
Trog
Uskayaw
Wu Jian
Yredelemnul
Zin
The Shining One

Shops:
D:2 *?   D:7 =   Lair:4 [

Annotations:
D:11 1 runed translucent door, Pooter's ghost, journeyman MiBe
D:12 Kirke
Lair:3 2 transporters, relicbr's ghost, journeyman DsNe
Lair:5 Sonja


Message History

Kirke hits you!
The hog is distracted by your dazzling golden aura.
The hog completely misses you. Kirke hits you!
The hog squeals angrily.
You bite Kirke!
Kirke is severely wounded.
The hog bites you! Kirke barely misses you. The hog bites you.
You barely miss Kirke.
Kirke is severely wounded.
Kirke casts a spell.
Kirke summons a sphinx!
The hog bites you!
* * * LOW HITPOINT WARNING * * *
Kirke says, "Can we stop fighting?
I have some good wine for you..." Kirke closely misses you.
You feel much better.
Kirke casts a spell.
Kirke summons a manticore!
The hog bites you! The sphinx closely misses you. The sphinx hits you!
* * * LOW HITPOINT WARNING * * *
The sphinx closely misses you. Kirke casts a spell at you.
You feel a momentary urge to oink. The hog bites you!
* * * LOW HITPOINT WARNING * * *
You feel much better.
The hog is no longer distracted by gold.
Kirke points at you and mumbles some strange words.
You feel a momentary urge to oink. The hog bites you!
* * * LOW HITPOINT WARNING * * *
The hog is distracted by your dazzling golden aura.
The sphinx hits you!
* * * LOW HITPOINT WARNING * * *
The sphinx hits you!
* * * LOW HITPOINT WARNING * * *
The sphinx hits you.
* * * LOW HITPOINT WARNING * * *
Kirke hits you.
* * * LOW HITPOINT WARNING * * *
You block the hog's attack. The manticore bites you!
You die...
Your body crumbles into a pile of gold.

####.#######
.<.......... ....#
......^..... ...#
######...... ...##
..#### #.|. ..# #... $
#..# #hh# #..# #h@#
#..# #hh# #..# #HH#
#..# #..#
#..#######..######
######.................
.......................
######..###............
# #..# #..^......... #
#..# #............


You could see Kirke (fast), a sphinx (summoned), a manticore (summoned) and 4
hogs.

Vanquished Creatures
  Snorg (D:11)
  Fannar (Lair:3)
  2 hydras (Lair:4)
  Erica (D:10)
  2 boulder beetles (Lair:4)
  2 two-headed ogres (D:12)
  A death yak (Lair:5)
  Nergalle (D:10)
  A skyshark (Lair:2)
  A black mamba (Lair:1)
  5 elephants (Lair:3)
  10 cane toads
  A kobold demonologist (D:10)
  10 komodo dragons
  A rime drake (Lair:4)
  3 trolls
  2 polar bears
  7 blink frogs
  4 shadows
  Sigmund (D:3)
  A wraith (D:11)
  A vampire (D:9)
  28 yaks
  A wyvern (D:11)
  The ghost of bchevrier the Cudgeller, an amateur GnWn (D:3)
  A hog (D:12)
  A basilisk (Lair:1)
  4 steam dragons
  4 vampire mosquitoes (D:12)
  6 nagas (Lair:3)
  23 water moccasins
  A swamp drake (D:11)
  A black bear (D:10)
  4 orc warriors
  2 sky beasts
  9 centaurs (D:11)
  4 ogres
  32 wolves
  3 phantoms (D:5)
  7 kobold brigands
  15 bullfrogs
  A gnoll sergeant (D:10)
  4 scorpions
  8 wights
  3 killer bees (D:7)
  5 electric eels
  A howler monkey (D:5)
  3 lava snakes (Lair:1)
  A hound (D:7)
  A jelly (D:6)
  4 orc priests
  2 gnoll boudas
  Ijyb (D:3)
  Natasha (thrice) (D:3)
  11 iguanas (D:11)
  A sleepcap (D:7)
  9 orc wizards
  16 gnolls
  4 river rats
  14 adders
  A shadow imp (D:3)
  4 worms
  3 dart slugs
  38 orcs
  10 ball pythons
  6 bats
  7 endoplasms
  4 giant cockroaches
  6 goblins
  15 hobgoblins
  6 jackals
  25 kobolds
  6 quokkas
  26 frilled lizards
  13 rats
468 creatures vanquished.

Vanquished Creatures (others)
  A komodo dragon (D:11)
  30 fungi
  32 plants
63 creatures vanquished.

Grand Total: 531 creatures vanquished

Notes
Turn   | Place    | Note
-------+----------+-------------------------------------------
     0 | D:1      | Ihaveafatcat the Hill Orc Fighter began the quest for the
                  | Orb.
     0 | D:1      | Reached XP level 1. HP: 19/19 MP: 1/1
     7 | D:1      | Identified a scroll of acquirement
     7 | D:1      | Acquired a +4 vampiric broad axe
   160 | D:1      | Reached XP level 2. HP: 26/27 MP: 2/2
   161 | D:1      | Reached skill level 3 in Axes
   167 | D:1      | Acquired 951 gold pieces
   277 | D:1      | Upgraded the game from 0.30-a0-1161-g0704695555 to
                  | 0.30-a0-1163-gf69bf04e7a
   512 | D:1      | Found a faded altar of an unknown god.
   592 | D:1      | Reached XP level 3. HP: 33/33 MP: 3/3
   760 | D:2      | Found Acryupse's Magic Scroll Emporium.
   762 | D:2      | Found Ifri's Assorted Antiques.
   769 | D:2      | Bought a scroll of identify for 28 gold pieces
   769 | D:2      | Bought a scroll of teleportation for 42 gold pieces
   769 | D:2      | Bought a scroll of brand weapon for 133 gold pieces
   769 | D:2      | Bought a scroll of identify for 28 gold pieces
   797 | D:2      | Bought a pair of embroidered boots for 180 gold pieces
   797 | D:2      | Bought a scroll labelled OCSA GENAT for 24 gold pieces
   797 | D:2      | Bought a coppery potion for 21 gold pieces
   797 | D:2      | Bought a pink potion for 21 gold pieces
  1338 | D:2      | Reached XP level 4. HP: 40/41 MP: 2/4
  1536 | D:3      | Noticed Sigmund
  1547 | D:3      | Killed Sigmund
  1548 | D:3      | Reached skill level 6 in Axes
  1548 | D:3      | Reached XP level 5. HP: 19/47 MP: 1/5
  1684 | D:3      | Reached XP level 6. HP: 53/53 MP: 6/6
  1774 | D:3      | Noticed Natasha
  1782 | D:3      | Killed Natasha
  1855 | D:3      | Found a runed translucent door.
  1858 | D:3      | Noticed Natasha
  1871 | D:3      | Killed Natasha
  1948 | D:3      | Noticed bchevrier's ghost (amateur GnWn)
  1982 | D:3      | Noticed Ijyb
  1989 | D:3      | Killed Ijyb
  1997 | D:3      | Reached skill level 7 in Axes
  2225 | D:3      | Noticed Natasha
  2230 | D:3      | Killed Natasha
  2262 | D:3      | Killed bchevrier's ghost
  2263 | D:3      | Reached skill level 5 in Fighting
  2263 | D:3      | Reached skill level 8 in Axes
  2263 | D:3      | Reached XP level 7. HP: 51/61 MP: 7/7
  2314 | D:4      | Identified the +1 pair of gloves of Pessimism {Drain rElec
                  | rN+ Int+4}
  2315 | D:4      | Identified the ring "Gafeyb" {rElec rPois rN+ rCorr}
  2757 | D:4      | Found a glowing golden altar of the Shining One.
  3026 | D:4      | Found an ornate altar of the Wu Jian Council.
  3027 | D:4      | Found a basalt altar of Yredelemnul.
  3028 | D:4      | Found a white marble altar of Elyvilon.
  3445 | D:5      | Entered Level 5 of the Dungeon
  3467 | D:5      | Reached skill level 9 in Axes
  3477 | D:5      | Reached skill level 5 in Armour
  3671 | D:5      | Reached XP level 8. HP: 66/68 MP: 6/8
  3741 | D:5      | Reached skill level 10 in Axes
  3765 | D:5      | Reached skill level 1 in Dodging
  3929 | D:5      | Found an iron altar of Okawaru.
  4008 | D:5      | Found a staircase to the Ecumenical Temple.
  4035 | D:5      | Reached skill level 11 in Axes
  4390 | D:6      | Found a glowing silver altar of Zin.
  4495 | D:6      | Found a glowing drain.
  4504 | Sewer    | Entered a sewer
  4940 | D:6      | Reached XP level 9. HP: 70/74 MP: 9/9
  4952 | D:6      | Found a bloodstained altar of Trog.
  5132 | D:6      | Reached skill level 12 in Axes
  5471 | D:7      | Found Jimos's Jewellery Emporium.
  5479 | D:7      | Bought a +6 ring of strength for 540 gold pieces
  5808 | D:7      | Reached skill level 13 in Axes
  5934 | D:7      | Identified the +1 pair of boots of Pleasant Breezes
                  | {+Blink}
  6584 | D:8      | Reached skill level 1 in Stealth
  6681 | D:8      | Noticed a troll
  6691 | D:8      | Killed a troll
  6692 | D:8      | Reached skill level 14 in Axes
  6692 | D:8      | Reached XP level 10. HP: 54/86 MP: 5/10
  7182 | D:8      | Found a hide-covered altar of Uskayaw.
  7491 | D:9      | Reached skill level 15 in Axes
  7880 | D:9      | Found a stormy altar of Qazlal.
  7959 | D:9      | Reached skill level 16 in Axes
  8545 | D:9      | Acquired the amulet "Zyasetai" {Reflect rPois rF- Str+4
                  | SH+5}
  8567 | D:10     | Entered Level 10 of the Dungeon
  8587 | D:10     | Noticed Nergalle
  8602 | D:10     | Killed Nergalle
  8603 | D:10     | Reached XP level 11. HP: 71/94 MP: 11/11
  8680 | D:10     | Found a sparkling altar of Nemelex Xobeh.
  8680 | D:10     | Found an opulent altar of Gozag.
  8718 | D:10     | Became a worshipper of Gozag Ym Sagoz the Greedy
  8736 | D:10     | Reached skill level 17 in Axes
  8744 | D:10     | Found a staircase to the Lair.
  9142 | D:10     | Found a staircase to the Orcish Mines.
  9145 | D:10     | Noticed Erica
  9153 | D:10     | Reached skill level 5 in Shields
  9167 | D:10     | Killed Erica
  9168 | D:10     | Reached skill level 18 in Axes
  9616 | D:11     | Noticed Snorg
  9966 | D:11     | Killed Snorg
 10157 | D:11     | Found a runed translucent door.
 10164 | D:11     | Noticed Pooter's ghost (journeyman MiBe)
 10247 | D:11     | Reached XP level 12. HP: 78/105 MP: 12/12
 10281 | D:11     | Reached skill level 19 in Axes
 10911 | Lair:1   | Entered Level 1 of the Lair of Beasts
 11078 | Lair:1   | Reached skill level 10 in Fighting
 12097 | Lair:2   | Noticed a skyshark
 12107 | Lair:2   | Killed a skyshark
 12652 | Lair:3   | Reached skill level 20 in Axes
 12738 | Lair:3   | Reached XP level 13. HP: 30/116 MP: 13/13
 13009 | Lair:2   | Acquired a +1 executioner's axe of freezing
 13117 | Lair:3   | Found a staircase to the Snake Pit.
 13282 | Lair:3   | Found a transporter.
 13304 | Lair:3   | Noticed relicbr's ghost (journeyman DsNe)
 13311 | Lair:3   | Reached skill level 10 in Armour
 13319 | Lair:3   | Found a transporter.
 13576 | Lair:3   | Noticed Fannar
 13584 | Lair:3   | Killed Fannar
 13769 | Lair:3   | Found a staircase to the Shoals.
 14229 | Lair:4   | Reached skill level 21 in Axes
 14327 | Lair:4   | Found the +8 whip "Snakebite" {venom, curare, rPois}
 15603 | Lair:4   | Bought a glowing helmet for 315 gold pieces
 15603 | Lair:4   | Bought a runed plate armour for 1092 gold pieces
 15621 | Lair:5   | Entered Level 5 of the Lair of Beasts
 15641 | Lair:5   | Noticed Sonja
 15999 | D:12     | Reached skill level 22 in Axes
 16102 | D:12     | Identified the +2 pair of gloves of the Crypt {+Inv rC-
                  | Str+3 Int+2}
 16317 | D:12     | Noticed Kirke
 16329 | D:12     | Noticed a sphinx
 16330 | D:12     | Mangled by a manticore

Illustrated notes

Levels and vault maps discovered:
D:1:      minmay_arrival_loop, layout_basic, ebering_ecumenical_altar_webs,
          moated_statue, minmay_tetromino_s2
D:2:      minmay_angry_zag, layout_basic, serial_shops, shop_statue,
          nicolae_shop_overgrown_old_shop
D:3:      corexii_shack_village, layout_rooms, ebering_ghost_reflecting_pool,
          kennysheep_generic_room_13, uniq_ijyb, uniq_sigmund, uniq_natasha
D:4:      layout_layer_cave, nicolae_overflow_hidden_temple, tso_metal_star,
          chequers_serial_rivers_large_a
D:5:      layout_rooms, nicolae_overflow_crystal_walls,
          minmay_temple_entry_arrows
D:6:      layout_gridville, kennysheep_mini_moat, mainiacjoe_overflow_brackets,
          gup_sewer_entry_bubbles
D:7:      hellmonk_destroyed_diamonds, layout_basic, serial_shops, shop
D:8:      layout_loops_ring, mainiacjoe_overflow_alcove_1,
          minmay_fractal_squares_5
D:9:      layout_gridville, mainiacjoe_overflow_boulevard
D:10:     layout_cross, grunt_temple_overflow_opulence,
          grunt_lair_entry_orc_guard_hut, minivault_19, serial_bayou_crossing,
          uniq_nergalle, uniq_erica
D:11:     lemuel_reptile_caves, layout_rooms, ebering_ghost_reflecting_pool,
          mrwooster_statue_mirror, minmay_misc_feat_cross, uniq_snorg
D:12:     layout_small_grid, okawaru_ov_weapons_minmay, uniq_nessos, uniq_kirke
Lair:1:   layout_cave_pods, nicolae_quartered_pool_little,
          nicolae_lair_liquid_snakes, grunt_megastairs_3,
          infiniplex_staircase_pool
Lair:2:   layout_cave_shapes
Lair:3:   layout_regular_city, elwin_shoals_entry_rooms,
          minmay_snake_entry_guardpost_large, gammafunk_ghost_arena, uniq_fannar
Lair:4:   minmay_guarded_unrand_snakebite, layout_loops_ring,
          cheibrodos_lair_caveside_slide, grunt_forest_large_clearings
Lair:5:   evilmike_catoblepas_cave, layout_regular_city, slime_entry_1,
          portal_ice_cave_rime, grunt_megastairs_2, uniq_urug, uniq_sonja

Skill      XL: |  1  2  3  4  5  6  7  8  9 10 11 12 13 |
---------------+----------------------------------------+-----
Axes           | 3 6 8 9 11 14 16 18 20 22 | 22.0
Fighting       | 4 5 7 8 9 11 | 11.6
Armour         | 4 5 6 7 8 9 10 | 10.9
Shields        | 4 5 6 7 |  7.6
Dodging        | 1 2 3 |  3.7
Stealth        | 1 2 |  2.7
Evocations     | |  0.4

Action                     |  1- 3 |  4- 6 |  7- 9 | 10-12 | 13-15 || total
---------------------------+-------+-------+-------+-------+-------++-------
  Melee: Broad axe         |    80 |    91 |   269 |   516 |     5 ||   961
         Executioner's axe |       |       |       |       |   206 ||   206
         Unarmed           |       |       |       |       |     6 ||     6
 Invoke: Call Merchant     |       |       |       |       |     1 ||     1
  Evoke: Wand              |       |       |       |       |     6 ||     6
    Use: Scroll            |     3 |       |       |    23 |     6 ||    32
         Potion            |       |       |       |       |     4 ||     4
   Stab: Distracted        |       |       |       |     2 |     5 ||     7
         Confused          |       |       |       |     1 |       ||     1
 Armour: Scale mail        |    52 |    39 |   106 |    82 |       ||   279
         Plate armour      |       |       |       |    54 |   151 ||   205
  Dodge: Dodged            |    45 |    26 |   101 |   163 |    81 ||   416
  Block: Buckler           |    22 |    19 |    49 |   157 |     3 ||   250
         Reflection        |       |       |       |    12 |     1 ||    13
         Other             |       |       |       |       |    50 ||    50

Table legend: (Time is in decaauts)
 A = Elapsed time spent in this place.
 B = Non-inter-level travel time spent in this place.
 C = Inter-level travel time spent in this place.
 D = Time resting spent in this place.
 E = Time spent auto-exploring this place.
 F = Levels seen in this place.
 G = Mean time per level.
                   A        B        C        D        E       F      G
               +--------+--------+--------+--------+--------+-----+--------+
         Total |  16393 |  15850 |    543 |   1794 |  10689 |  18 |  910.7 |
       Dungeon |  11134 |  10866 |    268 |    990 |   7617 |  12 |  927.8 |
          Lair |   4962 |   4687 |    275 |    804 |   2862 |   5 |  992.4 |
         Sewer |    297 |    297 |      0 |      0 |    210 |   1 |  297.0 |
               +--------+--------+--------+--------+--------+-----+--------+

Top non-repeatable levels by time:
  Lair:4: 1696 daAuts
  Lair:3: 1511 daAuts
    D:10: 1258 daAuts
     D:9: 1169 daAuts
     D:4: 1159 daAuts
     D:8: 1090 daAuts
    D:11: 1082 daAuts
  Lair:1: 1050 daAuts
     D:7: 948 daAuts
     D:6: 864 daAuts
     D:3: 844 daAuts
     D:5: 813 daAuts
     D:2: 784 daAuts
     D:1: 738 daAuts
  Lair:2: 667 daAuts
